[ AOE2 MATCH · #495509119 ]
UnrankedJapanese vs Persians
Player's team · LOSS
Rival team · WIN
[ REPLAY ANALYSIS · EXTRACTED FROM THE RECORDED GAME ]
Feudal
9:17
Castle
25:04
Imperial
47:40
| APM avg | 55.1 |
| APM peak | 100 |
| eAPM avg | 27.5 |
| Villagers / military | 187 / 190 |
Focus
⚔️ 37.6% · 🌾 62.4%
Spearman ×95 · Knight ×49 · Fishing Ship ×15 · Trebuchet (Packed) ×11 · Fire Galley ×10 · Archer ×9
Feudal
9:18
Castle
22:17
Imperial
42:14
| APM avg | 51.7 |
| APM peak | 99 |
| eAPM avg | 31.6 |
| Villagers / military | 219 / 155 |
Focus
⚔️ 45.6% · 🌾 54.4%
Knight ×71 · Hand Cannoneer ×25 · Fishing Ship ×24 · Unknown (2626) ×17 · Archer ×15 · Scout Cavalry ×13
Match map
Initial resources + every placement click. Lines = walls · curves = elevation contours. ◆ gold · ⬟ stone · ● berries · ✦ relic · ◌ wall gap
Your base· Open — unwalled flank
北冥有鲲's base· Open — 3t gap
Smoothed initial terrain · ◌ = detected wall gap · hover for details
Inputs per minute
— 新竹 - - 北冥有鲲
Build order — 新竹
First 150 of 626 actions detected
| 0:00 | Create | Villager (Male) |
| 0:00 | Create | Villager (Male) |
| 0:01 | Create | Villager (Male) |
| 0:01 | Create | Villager (Male) |
| 0:01 | Create | Villager (Male) |
| 0:03 | Build | House |
| 0:04 | Build | House |
| 1:25 | Create | Villager (Male) |
| 1:25 | Create | Villager (Male) |
| 1:28 | Build | Lumber Camp |
| 2:02 | Create | Villager (Male) |
| 2:02 | Create | Villager (Male) |
| 2:32 | Create | Villager (Male) |
| 2:32 | Create | Villager (Male) |
| 2:45 | Create | Villager (Male) |
| 3:20 | Create | Villager (Male) |
| 3:33 | Build | House |
| 3:41 | Build | Dock |
| 3:47 | Create | Villager (Male) |
| 4:02 | Create | Villager (Male) |
| 4:02 | Create | Villager (Male) |
| 4:21 | Create | Fishing Ship |
| 4:21 | Create | Fishing Ship |
| 4:24 | Build | Palisade Wall |
| 4:25 | Build | Palisade Wall |
| 4:37 | Create | Villager (Male) |
| 4:37 | Create | Villager (Male) |
| 4:54 | Create | Villager (Male) |
| 4:55 | Create | Villager (Male) |
| 5:02 | Create | Fishing Ship |
| 5:17 | Create | Villager (Male) |
| 5:17 | Create | Villager (Male) |
| 5:21 | Build | House |
| 5:40 | Create | Villager (Male) |
| 5:40 | Create | Villager (Male) |
| 6:05 | Create | Villager (Male) |
| 6:06 | Create | Villager (Male) |
| 6:06 | Create | Villager (Male) |
| 6:13 | Create | Villager (Male) |
| 6:13 | Create | Villager (Male) |
| 6:14 | Create | Villager (Male) |
| 6:38 | Research | Loom |
| 6:55 | Build | Mining Camp |
| 7:07 | Research | Feudal Age |
| 7:07 | Research | Feudal Age |
| 7:27 | Build | House |
| 8:08 | Build | Barracks |
| 8:14 | Build | House |
| 8:42 | Create | Militia |
| 8:43 | Create | Militia |
| 8:43 | Create | Militia |
| 9:17 | Age | Feudal Age |
| 9:22 | Build | Watch Tower |
| 9:40 | Create | Villager (Male) |
| 9:40 | Create | Villager (Male) |
| 9:43 | Create | Villager (Male) |
| 9:43 | Create | Villager (Male) |
| 9:47 | Research | Man-at-Arms (upgrade) |
| 9:47 | Research | Man-at-Arms (upgrade) |
| 9:57 | Create | Villager (Male) |
| 9:57 | Create | Villager (Male) |
| 9:57 | Create | Villager (Male) |
| 10:01 | Build | Mining Camp |
| 10:03 | Build | Palisade Wall |
| 10:16 | Create | Villager (Male) |
| 10:16 | Create | Villager (Male) |
| 10:27 | Research | Double-Bit Axe |
| 10:28 | Research | Double-Bit Axe |
| 10:34 | Build | Palisade Wall |
| 10:36 | Create | Fishing Ship |
| 10:42 | Build | Palisade Wall |
| 10:50 | Build | Palisade Wall |
| 10:59 | Create | Villager (Male) |
| 10:59 | Create | Villager (Male) |
| 11:04 | Create | Villager (Male) |
| 11:18 | Build | Blacksmith |
| 11:38 | Build | Watch Tower |
| 11:53 | Create | Villager (Male) |
| 11:53 | Create | Villager (Male) |
| 11:57 | Research | Fletching |
| 11:57 | Research | Fletching |
| 12:10 | Create | Villager (Male) |
| 12:10 | Create | Villager (Male) |
| 12:10 | Create | Villager (Male) |
| 12:18 | Create | Fishing Ship |
| 12:32 | Build | Palisade Wall |
| 12:33 | Build | Palisade Wall |
| 12:34 | Build | Palisade Wall |
| 12:48 | Build | Palisade Wall |
| 12:53 | Create | Villager (Male) |
| 12:53 | Create | Villager (Male) |
| 12:54 | Create | Villager (Male) |
| 12:54 | Create | Villager (Male) |
| 12:57 | Create | Fishing Ship |
| 13:00 | Create | Fishing Ship |
| 13:05 | Build | House |
| 13:09 | Build | House |
| 13:10 | Build | House |
| 13:11 | Build | House |
| 13:20 | Build | Palisade Wall |
| 13:45 | Build | Watch Tower |
| 13:48 | Create | Villager (Male) |
| 14:17 | Create | Villager (Male) |
| 14:18 | Create | Villager (Male) |
| 14:19 | Build | Mill |
| 14:20 | Create | Villager (Male) |
| 14:20 | Create | Villager (Male) |
| 14:23 | Build | House |
| 14:23 | Build | House |
| 14:26 | Build | House |
| 14:50 | Build | Watch Tower |
| 15:09 | Build | Archery Range |
| 15:31 | Create | Villager (Male) |
| 15:37 | Create | Skirmisher |
| 15:37 | Create | Skirmisher |
| 15:47 | Create | Villager (Male) |
| 15:49 | Create | Fishing Ship |
| 15:53 | Create | Villager (Male) |
| 15:58 | Build | Watch Tower |
| 16:05 | Build | Stone Wall |
| 16:12 | Create | Skirmisher |
| 16:12 | Create | Skirmisher |
| 16:29 | Create | Skirmisher |
| 16:34 | Create | Villager (Male) |
| 16:35 | Create | Villager (Male) |
| 16:35 | Create | Villager (Male) |
| 16:37 | Build | House |
| 16:40 | Build | Farm |
| 16:41 | Build | Farm |
| 16:42 | Build | Farm |
| 16:44 | Create | Villager (Male) |
| 16:53 | Create | Skirmisher |
| 17:03 | Create | Skirmisher |
| 17:07 | Create | Villager (Male) |
| 17:07 | Create | Villager (Male) |
| 17:14 | Build | Watch Tower |
| 17:20 | Build | House |
| 17:21 | Build | House |
| 17:42 | Create | Archer |
| 17:43 | Create | Villager (Male) |
| 17:51 | Build | Watch Tower |
| 17:53 | Create | Villager (Male) |
| 18:13 | Build | Farm |
| 18:14 | Create | Villager (Male) |
| 18:53 | Create | Archer |
| 18:53 | Create | Archer |
| 18:55 | Create | Villager (Male) |
| 18:56 | Create | Villager (Male) |
| 19:09 | Build | Watch Tower |
| 19:40 | Build | Farm |
Build order — 北冥有鲲
First 150 of 645 actions detected
| 0:01 | Create | Villager (Male) |
| 0:01 | Create | Villager (Male) |
| 0:01 | Create | Villager (Male) |
| 0:02 | Build | House |
| 0:04 | Build | House |
| 0:41 | Create | Villager (Male) |
| 0:41 | Create | Villager (Male) |
| 1:29 | Create | Villager (Male) |
| 1:50 | Build | Lumber Camp |
| 2:12 | Create | Villager (Male) |
| 2:13 | Create | Villager (Male) |
| 2:13 | Create | Villager (Male) |
| 2:45 | Create | Villager (Male) |
| 2:51 | Build | House |
| 3:16 | Create | Villager (Male) |
| 3:43 | Create | Villager (Male) |
| 3:48 | Build | Dock |
| 3:49 | Build | Palisade Wall |
| 3:51 | Build | Palisade Wall |
| 3:59 | Create | Villager (Male) |
| 4:29 | Build | House |
| 4:36 | Create | Villager (Male) |
| 4:41 | Create | Fishing Ship |
| 4:48 | Create | Villager (Male) |
| 5:12 | Create | Villager (Male) |
| 5:24 | Create | Fishing Ship |
| 5:38 | Create | Villager (Male) |
| 5:47 | Create | Villager (Male) |
| 5:56 | Create | Fishing Ship |
| 6:02 | Build | House |
| 6:27 | Research | Loom |
| 6:47 | Create | Fishing Ship |
| 7:14 | Research | Feudal Age |
| 7:22 | Build | Lumber Camp |
| 8:11 | Build | Mining Camp |
| 8:13 | Build | Palisade Wall |
| 8:14 | Build | Palisade Wall |
| 8:45 | Build | Barracks |
| 8:49 | Build | Palisade Wall |
| 8:50 | Build | Palisade Wall |
| 8:59 | Create | Villager (Male) |
| 8:59 | Create | Villager (Male) |
| 9:11 | Build | Palisade Wall |
| 9:18 | Age | Feudal Age |
| 9:22 | Create | Villager (Male) |
| 9:43 | Create | Villager (Male) |
| 9:43 | Create | Villager (Male) |
| 9:58 | Build | Archery Range |
| 10:08 | Research | Double-Bit Axe |
| 10:09 | Research | Double-Bit Axe |
| 10:13 | Build | Blacksmith |
| 10:24 | Build | House |
| 10:25 | Build | Palisade Wall |
| 10:37 | Create | Villager (Male) |
| 11:09 | Build | Watch Tower |
| 11:10 | Create | Villager (Male) |
| 11:11 | Research | Fletching |
| 11:12 | Research | Fletching |
| 11:13 | Create | Archer |
| 11:13 | Create | Archer |
| 11:20 | Build | Stone Wall |
| 11:21 | Create | Villager (Male) |
| 11:36 | Build | House |
| 11:40 | Create | Fishing Ship |
| 11:42 | Create | Fishing Ship |
| 11:48 | Create | Villager (Male) |
| 11:54 | Build | Mining Camp |
| 12:14 | Create | Archer |
| 12:20 | Build | Mining Camp |
| 12:31 | Build | Mill |
| 12:35 | Create | Villager (Male) |
| 12:40 | Create | Archer |
| 13:01 | Build | House |
| 13:05 | Research | Town Watch |
| 13:19 | Build | Dock |
| 13:42 | Create | Archer |
| 13:47 | Create | Villager (Male) |
| 13:48 | Create | Villager (Male) |
| 13:58 | Create | Archer |
| 13:59 | Create | Archer |
| 14:22 | Create | Villager (Male) |
| 14:33 | Build | House |
| 14:38 | Create | Villager (Male) |
| 14:42 | Build | Lumber Camp |
| 14:57 | Create | Archer |
| 14:57 | Create | Archer |
| 15:14 | Build | Outpost |
| 15:16 | Create | Villager (Male) |
| 15:25 | Build | House |
| 15:37 | Build | Outpost |
| 15:46 | Create | Villager (Male) |
| 15:56 | Build | House |
| 15:57 | Build | House |
| 16:09 | Build | Watch Tower |
| 16:32 | Create | Villager (Male) |
| 16:37 | Build | House |
| 16:37 | Build | House |
| 16:40 | Create | Villager (Male) |
| 17:01 | Create | Archer |
| 17:01 | Create | Archer |
| 17:21 | Create | Villager (Male) |
| 17:29 | Build | House |
| 17:30 | Build | House |
| 17:40 | Create | Villager (Male) |
| 18:01 | Build | Stable |
| 18:04 | Research | Horse Collar |
| 18:07 | Create | Villager (Male) |
| 18:09 | Create | Fishing Ship |
| 18:09 | Create | Fishing Ship |
| 18:19 | Build | House |
| 18:20 | Build | House |
| 18:40 | Create | Archer |
| 18:41 | Create | Archer |
| 18:45 | Create | Scout Cavalry |
| 18:45 | Create | Scout Cavalry |
| 18:57 | Create | Villager (Male) |
| 18:57 | Create | Villager (Male) |
| 19:03 | Create | Scout Cavalry |
| 19:03 | Create | Scout Cavalry |
| 19:05 | Create | Archer |
| 19:05 | Create | Archer |
| 19:23 | Create | Scout Cavalry |
| 19:23 | Create | Scout Cavalry |
| 19:25 | Create | Villager (Male) |
| 19:42 | Build | House |
| 19:43 | Build | House |
| 19:52 | Research | Castle Age |
| 19:56 | Build | Archery Range |
| 20:30 | Create | Scout Cavalry |
| 20:30 | Create | Scout Cavalry |
| 20:32 | Create | Skirmisher |
| 20:32 | Create | Skirmisher |
| 20:38 | Build | Watch Tower |
| 20:50 | Create | Villager (Male) |
| 21:01 | Build | Dock |
| 21:06 | Create | Villager (Male) |
| 21:17 | Build | Farm |
| 21:18 | Build | Farm |
| 21:23 | Build | Stable |
| 21:29 | Build | Farm |
| 21:33 | Build | Farm |
| 21:41 | Build | Dock |
| 21:48 | Build | Dock |
| 21:50 | Create | Fishing Ship |
| 21:50 | Create | Fishing Ship |
| 21:53 | Research | Tech 906 |
| 21:53 | Research | Tech 906 |
| 22:12 | Research | Scale Barding Armor |
| 22:17 | Age | Castle Age |
| 22:21 | Create | Knight |
Match timeline
| 3:41 | 新竹 · first_building Dock |
| 3:48 | 北冥有鲲 · first_building Dock |
| 3:49 | 北冥有鲲 · wall_segment Palisade Wall x1 |
| 3:51 | 北冥有鲲 · wall_segment Palisade Wall x1 |
| 4:24 | 新竹 · wall_segment Palisade Wall x1 |
| 4:25 | 新竹 · wall_segment Palisade Wall x1 |
| 8:08 | 新竹 · first_building Barracks |
| 8:13 | 北冥有鲲 · wall_segment Palisade Wall x1 |
| 8:14 | 北冥有鲲 · wall_segment Palisade Wall x1 |
| 8:45 | 北冥有鲲 · first_building Barracks |
| 8:49 | 北冥有鲲 · wall_segment Palisade Wall x1 |
| 8:50 | 北冥有鲲 · wall_segment Palisade Wall x1 |
| 9:11 | 北冥有鲲 · wall_segment Palisade Wall x10 |
| 9:17 | 新竹 · age_up feudal |
| 9:18 | 北冥有鲲 · age_up feudal |
| 9:58 | 北冥有鲲 · first_building Archery Range |
| 10:03 | 新竹 · wall_segment Palisade Wall x1 |
| 10:25 | 北冥有鲲 · wall_segment Palisade Wall x1 |
| 10:34 | 新竹 · wall_segment Palisade Wall x2 |
| 10:42 | 新竹 · wall_segment Palisade Wall x1 |
| 10:50 | 新竹 · wall_segment Palisade Wall x1 |
| 11:20 | 北冥有鲲 · wall_segment Stone Wall x8 |
| 12:32 | 新竹 · wall_segment Palisade Wall x2 |
| 12:33 | 新竹 · wall_segment Palisade Wall x2 |
| 12:34 | 新竹 · wall_segment Palisade Wall x3 |
| 12:48 | 新竹 · wall_segment Palisade Wall x4 |
| 13:20 | 新竹 · wall_segment Palisade Wall x1 |
| 15:09 | 新竹 · first_building Archery Range |
| 16:05 | 新竹 · wall_segment Stone Wall x1 |
| 18:01 | 北冥有鲲 · first_building Stable |
| 22:17 | 北冥有鲲 · age_up castle |
| 23:10 | 新竹 · first_building Stable |
| 24:49 | 新竹 · first_market_buy 100 stone |
| 25:04 | 新竹 · age_up castle |
| 25:47 | 北冥有鲲 · first_building Castle |
| 27:59 | 北冥有鲲 · first_building Siege Workshop |
| 28:52 | 北冥有鲲 · wall_segment Palisade Wall x1 |
| 30:56 | 北冥有鲲 · first_building Monastery |
| 39:28 | 北冥有鲲 · first_market_buy 500 food |
| 41:56 | 新竹 · first_building Monastery |
| 42:14 | 北冥有鲲 · age_up imperial |
| 42:23 | 新竹 · first_building Castle |
| 47:13 | 新竹 · first_market_sell 500 wood |
| 47:40 | 新竹 · age_up imperial |
| 57:33 | 新竹 · resign |
[ AI ANALYSIS · 1 CREDIT ]
What really happened in this match?
Wolo.gg analyzes every decision: build order, eco, micro, common mistakes by bracket. Personalized analysis on WhatsApp or Discord in 30 seconds.
Civ guide
Japanese
Perfil
新竹